 Dungeon Crawl Stone Soup version 0.26-b1-45-g23770d1d51 (webtiles) character file.

Game seed: 652385577288547226

305661 DocSulfur the Brawler (level 20, -13/201 HPs)
             Began as a Black Draconian Transmuter on Jan 6, 2021.
             Was the Champion of Makhleb.
             Mangled by a two-headed ogre
             ... wielding a +0 giant club
              (36 damage)
             ... while paralysed by an ogre mage
             ... on level 2 of the Vaults on Jan 7, 2021.
             The game lasted 03:46:05 (53577 turns).

DocSulfur the Brawler (Black Draconian Transmuter) Turns: 53577, Time: 03:46:06

Health: -13/201    AC: 15    Str: 18    XL:     20   Next: 29%
Magic:  30/35      EV:  2    Int: 17    God:    Makhleb [******]
Gold:   4015       SH:  0    Dex: 21    Spells: 22/42 levels left

rFire    + . .     SeeInvis +     - Unarmed
rCold    . . .     Faith    .   (shield currently unavailable)
rNeg     . . .     Spirit   .   (armour unavailable)
rPois    +         Reflect  .   r - +2 hat "Wituiny" {*Slow rPois rCorr Int+3}
rElec    +         Harm     .   W - scarf {repulsion}
rCorr    +         Rampage  .   (gloves currently unavailable)
Will     +....                  V - +2 pair of boots {run}
Stlth    ++........             J - amulet of the acrobat
HPRegen  0.43/turn              u - +6 ring of dexterity
MPRegen  0.24/turn              z - ring of see invisible

@: paralysed, blade hands, wereblooded, repel missiles, quick
A: breathe lightning, unfitting armour, big wings, claws 1, fire resistance 1,
robust 1, electricity resistance, wild magic 1, cold-blooded, AC +10
}: 2/15 runes: barnacled, gossamer
a: Breathe Lightning, Fly, End Transformation, Renounce Religion, Minor
Destruction, Lesser Servant of Makhleb, Major Destruction, Greater Servant of
Makhleb


You were on level 2 of the Vaults.
You worshipped Makhleb.
Makhleb was exalted by your worship.
You had blades for hands.
You visited 7 branches of the dungeon, and saw 34 of its levels.
You also visited: Sewer, Ossuary, Bailey, Gauntlet and Wizlab.

You collected 4182 gold pieces.
You spent 167 gold pieces at shops.

Inventory:

Missiles
 d - 20 curare-tipped darts
 f - 25 silver javelins (quivered)
 k - 10 throwing nets
 o - 26 atropa-tipped darts
 P - 2 boomerangs of dispersal
Armour
 r - the +2 hat "Wituiny" (worn) {*Slow rPois rCorr Int+3}
   (You found it on level 1 of the Lair of Beasts)

   It affects your intelligence (+3).
   It protects you from poison.
   It provides partial protection from all sources of acid and corrosion.
   It may slow you when you take damage.
 H - a +2 pair of gloves
 I - the +1 pair of gloves "Yne Nulo" (melded) {rC+ Int+3}
   (You took it off Nikola on level 2 of the Vaults)

   It affects your intelligence (+3).
   It protects you from cold.
 V - a +2 pair of boots of running (worn)
 W - a scarf of repulsion (worn)
Jewellery
 c - the ring "Zunk" {Fire rN++}
   (You found it in a Gauntlet)

   [ring of fire]

   It enhances your fire magic.
   It protects you from fire.
   It makes you vulnerable to cold.
   It greatly protects you from negative energy.
 u - a +6 ring of dexterity (left scythe-like blade)
 w - an uncursed ring of wizardry {unknown}
 y - an uncursed amulet of reflection
 z - a ring of see invisible (right scythe-like blade)
 A - an uncursed ring of protection from fire
 G - a +4 ring of evasion
 J - an amulet of the acrobat (around neck)
 M - a +4 ring of protection
 R - an uncursed ring of poison resistance
Wands
 n - a wand of acid (31)
 q - a wand of paralysis (33)
 U - a wand of digging (20)
Scrolls
 e - 4 scrolls of fog
 i - 3 scrolls of teleportation
 m - a scroll of enchant weapon
 s - 23 scrolls of remove curse
 x - 14 scrolls of identify
 C - a scroll of amnesia
 F - a scroll of blinking
 K - 4 scrolls of fear
 L - 8 scrolls of immolation
 S - 3 scrolls of magic mapping
Potions
 a - 9 potions of curing
 b - 7 potions of lignification
 g - 4 potions of resistance
 h - 6 potions of brilliance
 j - 2 potions of attraction
 l - a potion of invisibility
 p - 6 potions of haste
 t - 8 potions of might
 v - 4 potions of berserk rage
 B - 4 potions of ambrosia
 D - 6 potions of mutation
 Y - 5 potions of magic
Miscellaneous
 E - a condenser vane
 Q - a lightning rod (4/4)
 Z - a phantom mirror


   Skills:
 - Level 16.8 Fighting
 - Level 6.0 Throwing
 - Level 13.4 Dodging
 - Level 17.7 Unarmed Combat
 * Level 11.6 Spellcasting
 - Level 6.0 Translocations
 * Level 16.2 Transmutations
 - Level 11.5 Invocations
 - Level 6.2 Evocations


You had 22 spell levels left.
You knew the following spells:

 Your Spells              Type           Power        Failure   Level
a - Beastly Appendage     Tmut           100%         6%          1
b - Wereblood             Tmut           71%          6%          2
c - Blade Hands           Tmut           35%          14%         5
d - Dragon Form           Tmut           35%          50%         7
e - Blink                 Tloc           N/A          21%         2
f - Ozocubu's Armour      Ice            12%          73%         3

Your spell library contained the following spells:

 Spells                   Type           Power        Failure   Level
 Spider Form              Tmut/Pois      24%          21%         3
 Hydra Form               Tmut           35%          24%         6
 Lesser Beckoning         Tloc           19%          28%         3
 Teleport Other           Tloc           39%          28%         3
 Ice Form                 Ice/Tmut       48%          32%         4
 Portal Projectile        Hex/Tloc       52%          45%         3
 Passage of Golubria      Tloc           N/A          45%         4
 Foxfire                  Conj/Fire      48%          47%         1
 Freeze                   Ice            48%          47%         1
 Sandblast                Erth           24%          47%         1
 Shock                    Conj/Air       48%          47%         1
 Alistair's Intoxication  Tmut/Pois      32%          47%         5
 Irradiate                Conj/Tmut      24%          47%         5
 Corpse Rot               Necr/Air       N/A          56%         2
 Poisonous Vapours        Pois/Air       24%          56%         2
 Conjure Flame            Conj/Fire      12%          73%         3
 Frozen Ramparts          Ice            24%          73%         3
 Inner Flame              Hex/Fire       12%          73%         3
 Mephitic Cloud           Conj/Pois/Air  12%          73%         3
 Statue Form              Tmut/Erth      32%          85%         6
 Airstrike                Air            6%           94%         4
 Hailstorm                Conj/Ice       12%          94%         4
 Sticky Flame             Conj/Fire      12%          94%         4
 Summon Ice Beast         Ice/Summ       12%          94%         4
 Summon Lightning Spire   Summ/Air       12%          94%         4
 Bolt of Magma            Conj/Fire/Erth 6%           99%         5
 Borgnjor's Vile Clutch   Necr/Erth      6%           99%         5
 Fireball                 Conj/Fire      6%           99%         5
 Lightning Bolt           Conj/Air       6%           99%         5
 Silence                  Hex/Air        6%           99%         5
 Summon Mana Viper        Hex/Summ       12%          99%         5
 Conjure Ball Lightning   Conj/Air       6%           100%        6
 Freezing Cloud           Conj/Ice/Air   6%           100%        6
 Tornado                  Air            6%           100%        9


Dungeon Overview and Level Annotations

Branches:
Dungeon (15/15)            Temple (1/1) D:6            Lair (6/6) D:10
 Shoals (4/4) Lair:2       Spider (4/4) Lair:2        Slime (0/5) Lair:6
    Orc (2/2) D:12            Elf (0/3) Orc:2        Vaults (2/5) D:13
  Crypt (0/3) Vaults:2     Depths (0/5) D:15          Sewer (visited)
Ossuary (visited)          Bailey (visited)          WizLab (visited)
Gauntlet (visited)

Altars:
Ashenzari
Cheibriados
Dithmenos
Elyvilon
Fedhas
Gozag
Hepliaklqana
Kikubaaqudgha
Makhleb
Nemelex Xobeh
Okawaru
Qazlal
Ru
Sif Muna
Trog
Uskayaw
Vehumet
Wu Jian
Xom
Yredelemnul
Zin
The Shining One
Beogh

Shops:
D:6 (   Orc:1 (   Orc:2 ?[:[   Shoals:3 *

Portals:
Abyss: Lair:5

Annotations:
Lair:5 1 transporter, Thalamas's ghost, journeyman MiBe
Vaults:1 Bidatih's ghost, adept MiBe


Innate Abilities, Weirdness & Mutations

You can breathe wild blasts of lightning.
Your glossy black scales are hard. (AC +10)
You cannot fit into any form of body armour.
Your large and strong wings let you fly indefinitely.
You are resistant to electric shocks. (rElec)
You are cold-blooded and may be slowed by cold attacks.
You have sharp fingernails.
Your flesh is heat resistant. (rF+)
You are robust. (+10% HP)
Your spells are a little harder to cast, but a little more powerful.


Message History

You suddenly lose the ability to move!
The two-headed ogre hits you with a +0 giant club!!!
The two-headed ogre hits you with a +0 giant club!
The ironbrand convoker hits you with a +0 dire flail.
The stone giant hits you!!
The ogre mage hits you from afar with a +0 spear.
The ironbrand convoker hits you but does no damage.
The stone giant hits you.
The two-headed ogre hits you but does no damage.
The two-headed ogre hits you with a +0 giant club!
The ogre mage hits you but does no damage.
The ironbrand convoker hits you with a +0 dire flail!
The stone giant hits you!!
* * * LOW HITPOINT WARNING * * *
The ogre mage hits you from afar with a +0 spear.
* * * LOW HITPOINT WARNING * * *
The two-headed ogre hits you with a +0 giant club.
* * * LOW HITPOINT WARNING * * *
The two-headed ogre hits you with a +0 giant club!!!
You die...

##### ##...## ##.....##
##..#'#..##
##..##.##.^##########
####..##...##..#........
...#..#.....#(.#O.......
...'..##...##..'.p......
...##..##.##..##@C......
...###..###..###.O......
...# ##.....## #^.......
...# ##...## #........
#### ##### #........
#........ ###++#+## ..


You could see a stone giant, a two-headed ogre (strong), an ogre mage and an
ironbrand convoker (catching breath).

Vanquished Creatures
  Boris (Vaults:2)
  Nikola (Vaults:2)
  A bone dragon (Vaults:2)
  Jory (Vaults:2)
  A Cloud Mage (WizLab)
  A tentacled monstrosity (Vaults:2)
  Asterion (Spider:4)
  3 sphinxes
  4 krakens
  The ghost of iishen the Markscentaur, an adept CeHu of Okawaru (Spider:2)
  Donald (Spider:4)
  Kirke (Spider:3)
  5 vault wardens
  Louise (Shoals:1)
  A frost giant (Vaults:2)
  An orc warlord (Vaults:1)
  Aizul (Shoals:2)
  9 ghost moths
  4 emperor scorpions (Spider:4)
  4 ironheart preservers
  3 stone giants
  4 entropy weavers
  A minotaur (Gauntlet)
  Azrael (D:12)
  Nessos (D:12)
  A spark wasp (Spider:2)
  Snorg (D:11)
  A merfolk javelineer (Shoals:4)
  An ettin (Vaults:2)
  A deep elf death mage (Vaults:2)
  A fire dragon (Vaults:1)
  A blizzard demon (WizLab)
  3 yaktaur captains
  7 merfolk impalers
  4 vault guards (D:13)
  The ghost of EnegeticOcto the Cleaver, a journeyman MiFi of Gozag (D:11)
  A rakshasa (Lair:5)
  An ice dragon (Vaults:1)
  Erolcha (D:10)
  3 merfolk avatars
  6 boulder beetles
  2 great orbs of eyes (shapeshifter)
  Erica (Lair:2)
  9 hydras
  A death knight (Vaults:2)
  3 centaur warriors
  Fannar (D:12)
  7 spriggan air magi (WizLab)
  2 ghost crabs (WizLab)
  23 two-headed ogres
  2 alligator snapping turtles
  4 catoblepae (Lair:6)
  3 ogre magi
  6 merfolk aquamancers
  A satyr (Shoals:3)
  16 death yaks
  A tengu warrior (D:14)
  3 orc high priests
  A thrashing horror (Lair:5)
  Sonja (Lair:1)
  4 shock serpents (WizLab)
  2 deep elf knights
  A sun demon (Lair:5)
  Nergalle (Lair:2)
  An iron troll (shapeshifter) (Vaults:2)
  18 sea snakes
  2 death drakes (WizLab)
  5 unseen horrors
  2 glowing orange brains
  A deep troll (Vaults:2)
  9 ironbrand convokers
  A harpy (shapeshifter) (Vaults:1)
  2 lindwurms (Lair:4)
  2 wizards
  16 orc knights
  9 harpies
  7 deep elf magi
  11 orb spiders
  A deep elf archer (Vaults:2)
  A phantasmal warrior (Vaults:2)
  2 orc sorcerers (Orc:2)
  25 ugly things
  3 oklob plants
  22 wolf spiders
  7 cyclopes
  16 manticores
  20 elephants
  12 fauns
  2 moths of wrath
  8 merfolk sirens
  Maurice (D:11)
  2 black mambas (shapeshifter)
  3 black mambas
  4 water nymphs
  The ghost of lasso the Chopper, a novice MiFi (D:5)
  Joseph (D:7)
  7 torpor snails
  2 apocalypse crabs (WizLab)
  7 rime drakes
  3 vault sentinels
  A gargoyle (D:14)
  10 cane toads
  19 demonic crawlers
  Maggie (Lair:2)
  5 kobold demonologists
  The ghost of lasso the Covert, a novice OpBr of Dithmenos (D:6)
  3 freezing wraiths (Vaults:2)
  9 komodo dragons
  An ancient zyme (Lair:5)
  13 yaktaurs
  A tengu conjurer (D:14)
  A queen bee (Lair:4)
  5 trolls
  3 meliai (Lair:4)
  A queen bee (shapeshifter) (Gauntlet)
  36 merfolk
  53 jumping spiders
  A wind drake (shapeshifter) (Vaults:1)
  14 blink frogs
  19 slime creatures
  13 snapping turtles
  7 hornets
  7 wind drakes
  A dream sheep (shapeshifter) (Gauntlet)
  14 dream sheep
  13 flying skulls (Gauntlet)
  8 air elementals (WizLab)
  2 shadows (D:14)
  49 redbacks
  20 tarantellas
  11 water elementals
  3 wraiths
  7 wyverns
  44 yaks
  7 basilisks
  A fire elemental (D:12)
  2 steam dragons
  A hog (shapeshifter) (Vaults:1)
  11 vampire mosquitoes
  A human simulacrum (Vaults:1)
  8 wargs
  3 acid dragons
  A soldier ant (D:15)
  15 water moccasins
  3 hell hounds (D:12)
  60 orc warriors
  Purgy (Sewer)
  2 phantoms
  2 black bears
  An eye of draining (D:15)
  4 ice beasts
  5 sky beasts
  2 boggarts (Vaults:2)
  A necrophage (D:11)
  15 wolves
  17 ogres
  9 centaurs
  24 bullfrogs
  25 big kobolds
  4 gnoll sergeants (D:12)
  7 scorpions
  A hornet simulacrum (Vaults:1)
  A wyvern skeleton (D:12)
  36 killer bees
  9 electric eels
  13 wights
  6 centaur zombies
  2 howler monkeys
  8 hounds
  A human zombie (Ossuary)
  18 jellies
  2 bullfrog skeletons
  5 centaur skeletons
  Crazy Yiuf (D:7)
  20 orc priests
  30 orc wizards
  3 iguanas
  5 worker ants
  A hell rat (Lair:4)
  3 big kobold zombies (Ossuary)
  A hound skeleton (D:11)
  3 mummies (Ossuary)
  Robin (D:3)
  11 adders
  15 gnolls
  A howler monkey skeleton (D:11)
  A river rat (Lair:4)
  5 scorpion zombies (Ossuary)
  2 shadow imps
  5 white imps
  An ooze (Lair:6)
  2 ufetubi
  An adder zombie (D:7)
  A worm (D:4)
  2 dart slugs (D:1)
  6 leopard geckos
  142 orcs
  8 giant cockroaches
  3 goblins (D:3)
  22 hobgoblins
  17 jackals
  6 quokkas
  3 ball pythons
  14 bats
  4 frilled lizards
  5 gnoll zombies (Ossuary)
  2 goblin zombies (Ossuary)
  44 kobolds
  A kobold zombie (Ossuary)
  An orc zombie (Ossuary)
  20 rats
  9 tentacles
1570 creatures vanquished.

Vanquished Creatures (collateral kills)
  Arachne (Spider:2)
  A merfolk javelineer (Shoals:2)
  An orb spider (Spider:4)
  A demonic crawler (Spider:4)
  A jumping spider (Spider:4)
  3 merfolk (Shoals:2)
  A tarantella (Spider:1)
  A redback (Spider:1)
10 creatures vanquished.

Vanquished Creatures (others)
  A cane toad (Lair:4)
  A redback (Spider:4)
  A tarantella (Spider:3)
  2 humans (Spider:3)
  A boggart (Vaults:1)
  2 killer bees (Lair:4)
  44 fungi
  117 plants
  22 tentacles
  2 withered plants (Gauntlet)
193 creatures vanquished.

Grand Total: 1773 creatures vanquished

Notes
Turn   | Place    | Note
-------+----------+-------------------------------------------
     0 | D:1      | DocSulfur the Draconian Transmuter began the quest for the
                  | Orb.
     0 | D:1      | Reached XP level 1. HP: 16/16 MP: 3/3
   333 | D:1      | Reached XP level 2. HP: 23/23 MP: 3/5
   853 | D:2      | Learned a level 2 spell: Wereblood
   882 | D:2      | Reached XP level 3. HP: 20/28 MP: 2/6
  1875 | D:2      | Found a blossoming altar of Fedhas.
  2196 | D:3      | Identified the +0 helmet of Fashionability {rC+ Str+3}
  2196 | D:3      | Noticed Robin
  2208 | D:3      | Reached XP level 4. HP: 24/36 MP: 4/7
  2214 | D:3      | Killed Robin
  2483 | D:3      | Found a stormy altar of Qazlal.
  2538 | D:3      | Reached skill level 4 in Unarmed Combat
  3341 | D:3      | Reached XP level 5. HP: 6/42 MP: 8/8
  3360 | D:2      | HP: 2/42 [poisoned by an orc wizard]
  3729 | D:3      | Found a snail-covered altar of Cheibriados.
  3729 | D:3      | Found a shadowy altar of Dithmenos.
  3970 | D:4      | Reached XP level 6. HP: 46/50 MP: 6/10
  4003 | D:4      | Found a shimmering altar of Xom.
  4038 | D:4      | Found a glowing drain.
  4042 | Sewer    | Entered a sewer
  4071 | Sewer    | Noticed Purgy
  4083 | Sewer    | Killed Purgy
  4476 | D:4      | Reached skill level 5 in Unarmed Combat
  4747 | D:4      | Your scales start taking on a glossy black colour.
  4747 | D:4      | Reached XP level 7. HP: 34/57 MP: 11/11
  4747 | D:4      | Gained mutation: You are resistant to electric shocks.
                  | (rElec) [Black Draconian growth]
  4751 | D:4      | Gained mutation: Your flesh is heat resistant. (rF+)
                  | [potion of mutation]
  4751 | D:4      | Gained mutation: You have sharp fingernails. [potion of
                  | mutation]
  4751 | D:4      | Gained mutation: You are robust. (+10% HP) [potion of
                  | mutation]
  4751 | D:4      | Gained mutation: Your spells are a little harder to cast,
                  | but a little more powerful. [potion of mutation]
  4954 | D:5      | Entered Level 5 of the Dungeon
  5069 | D:5      | Learned a level 5 spell: Blade Hands
  5109 | D:5      | Found a runed translucent gate.
  5109 | D:5      | Found a runed translucent gate.
  5109 | D:5      | Found a runed translucent gate.
  5111 | D:5      | Noticed lasso's ghost (novice MiFi)
  5127 | D:5      | Reached skill level 5 in Transmutations
  5346 | D:5      | Found an ornate altar of the Wu Jian Council.
  5732 | D:5      | Reached skill level 6 in Unarmed Combat
  5816 | D:5      | Found a sacrificial altar of Ru.
  5862 | D:5      | Reached XP level 8. HP: 72/72 MP: 11/13
  6312 | D:6      | Found Lonoren's Antique Weapon Shoppe.
  6390 | D:6      | Found a broken altar of Ashenzari.
  6536 | D:6      | Found a staircase to the Ecumenical Temple.
  6549 | Temple   | Entered the Ecumenical Temple
  6610 | Temple   | Became a worshipper of Makhleb the Destroyer
  6764 | D:6      | Found a sand-covered staircase.
  6769 | Ossuary  | Entered an ossuary
  6846 | Ossuary  | Reached skill level 7 in Unarmed Combat
  7044 | Ossuary  | Reached * piety under Makhleb
  7061 | Ossuary  | Reached skill level 5 in Fighting
  7430 | D:6      | Found a runed translucent gate.
  7430 | D:6      | Found a runed translucent gate.
  7430 | D:6      | Found a runed translucent gate.
  7431 | D:6      | Noticed a kobold demonologist
  7432 | D:6      | Identified the +8 whip of the Spider Nest {drain, rF+}
  7433 | D:6      | Noticed lasso's ghost (novice OpBr)
  7887 | D:7      | Reached XP level 9. HP: 37/81 MP: 15/15
  8115 | D:7      | Noticed Joseph
  8128 | D:7      | Killed Joseph
  8317 | D:7      | Found an opulent altar of Gozag.
  8409 | D:7      | Found a sacrificial altar of Ru.
  8511 | D:7      | Reached skill level 8 in Unarmed Combat
  8999 | D:7      | Found a runed translucent door.
  9000 | D:7      | Noticed Crazy Yiuf
  9127 | D:7      | Killed Crazy Yiuf
  9220 | D:8      | Reached skill level 5 in Spellcasting
  9221 | D:8      | Reached ** piety under Makhleb
  9743 | D:8      | Noticed a two-headed ogre
 10042 | D:9      | Noticed a two-headed ogre
 10234 | D:9      | Found a basalt altar of Yredelemnul.
 10378 | D:9      | Reached *** piety under Makhleb
 10575 | D:9      | Reached skill level 9 in Unarmed Combat
 10797 | D:10     | Entered Level 10 of the Dungeon
 10860 | D:10     | Reached XP level 10. HP: 78/92 MP: 16/18
 11095 | D:10     | Noticed an oklob plant
 11628 | D:10     | Found a staircase to the Lair.
 11643 | D:10     | Noticed Erolcha
 11808 | D:10     | Reached **** piety under Makhleb
 11994 | D:10     | Killed Erolcha
 11995 | D:10     | Reached skill level 10 in Unarmed Combat
 12288 | D:9      | Killed a two-headed ogre
 12289 | D:9      | Reached skill level 1 in Invocations
 12394 | D:8      | Killed a two-headed ogre
 12395 | D:8      | Reached skill level 10 in Transmutations
 12395 | D:8      | Reached XP level 11. HP: 79/101 MP: 14/20
 12612 | D:8      | Found a hazy altar of Hepliaklqana.
 12733 | D:11     | Noticed Maurice
 12755 | D:11     | Killed Maurice
 13140 | D:11     | Found a runed translucent gate.
 13140 | D:11     | Found a runed translucent gate.
 13141 | D:11     | Found a runed translucent gate.
 13141 | D:11     | Noticed EnegeticOcto's ghost (journeyman MiFi)
 13169 | D:11     | Noticed an unseen horror
 13177 | D:11     | Killed an unseen horror
 13361 | D:11     | Reached skill level 5 in Dodging
 13385 | D:11     | Reached ***** piety under Makhleb
 13666 | D:11     | Noticed Snorg
 13686 | D:11     | Killed Snorg
 13761 | D:11     | Reached skill level 11 in Unarmed Combat
 14250 | D:12     | Noticed Nessos
 14813 | D:12     | Reached skill level 5 in Invocations
 15036 | D:12     | Found a staircase to the Orcish Mines.
 15067 | D:12     | Reached XP level 12. HP: 103/110 MP: 12/21
 15218 | D:12     | Noticed Azrael
 15218 | D:12     | Noticed Fannar
 15422 | D:12     | Killed Azrael
 15627 | D:12     | Killed Fannar
 16063 | D:13     | Found a flagged portal.
 16262 | Bailey   | Entered a bailey
 16303 | Bailey   | Reached ****** piety under Makhleb
 16893 | D:13     | Noticed a centaur warrior
 16908 | D:13     | Killed a centaur warrior
 17370 | D:13     | Noticed a seven-headed hydra
 17395 | D:13     | Killed a seven-headed hydra
 17427 | D:13     | Noticed a boulder beetle
 17459 | D:13     | Killed a boulder beetle
 17480 | D:13     | Found a gate to the Vaults.
 17480 | D:13     | Noticed a centaur warrior
 17480 | D:13     | Noticed a vault guard
 17480 | D:13     | Noticed a vault guard
 17480 | D:13     | Noticed a vault guard
 17480 | D:13     | Noticed a vault guard
 17480 | D:13     | Noticed a two-headed ogre
 17496 | D:13     | Killed a vault guard
 17499 | D:13     | Killed a centaur warrior
 17500 | D:13     | Reached XP level 13. HP: 117/117 MP: 15/22
 17522 | D:13     | Reached skill level 12 in Unarmed Combat
 18139 | D:14     | Found a gate leading to a gauntlet.
 18155 | Gauntlet | Entered a Gauntlet
 18155 | Gauntlet | Found a transporter.
 18155 | Gauntlet | Found a transporter.
 18156 | Gauntlet | Found a transporter.
 18156 | Gauntlet | Found a transporter.
 18160 | Gauntlet | Found a transporter.
 18172 | Gauntlet | Found a transporter.
 18176 | Gauntlet | Found a transporter.
 18178 | Gauntlet | Found a large runed translucent door.
 18179 | Gauntlet | Found a large runed translucent door.
 18180 | Gauntlet | Found a large runed translucent door.
 18180 | Gauntlet | Found a large runed translucent door.
 18180 | Gauntlet | Found a runed translucent door.
 18180 | Gauntlet | Found a runed translucent door.
 18181 | Gauntlet | Found a large runed translucent door.
 18182 | Gauntlet | Found a large runed translucent door.
 18182 | Gauntlet | Found a large runed translucent door.
 18182 | Gauntlet | Found a large runed translucent door.
 18183 | Gauntlet | Found a large runed translucent door.
 18183 | Gauntlet | Found a large runed translucent door.
 18184 | Gauntlet | Found a large runed translucent door.
 18184 | Gauntlet | Found a large runed translucent door.
 18186 | Gauntlet | Found a runed translucent gate.
 18186 | Gauntlet | Found a runed translucent gate.
 18186 | Gauntlet | Found a runed translucent gate.
 18188 | Gauntlet | Found a transporter.
 18199 | Gauntlet | Found a large runed translucent door.
 18200 | Gauntlet | Found a large runed translucent door.
 18210 | Gauntlet | Found a large runed translucent door.
 18210 | Gauntlet | Found a large runed translucent door.
 18316 | Gauntlet | Found a transporter.
 18326 | Gauntlet | Found a transporter.
 18330 | Gauntlet | Found a transporter.
 18340 | Gauntlet | Found a transporter.
 18564 | Gauntlet | Reached skill level 1 in Evocations
 18636 | Gauntlet | Reached skill level 10 in Dodging
 18675 | Gauntlet | Got a glittering iron ring
 18679 | Gauntlet | Identified the ring "Zunk" {Fire rN++} (You found it in a
                  | Gauntlet)
 18714 | Gauntlet | Noticed a minotaur
 18728 | Gauntlet | Killed a minotaur
 18736 | Gauntlet | Identified the Catalogue of the Burning Mountains
 19460 | D:15     | Entered Level 15 of the Dungeon
 20087 | D:15     | Gained mutation: Your large and strong wings let you fly
                  | indefinitely. [Black Draconian growth]
 20087 | D:15     | Reached XP level 14. HP: 112/129 MP: 17/23
 20385 | D:15     | Found a glowing golden altar of the Shining One.
 20635 | D:15     | Found a staircase to the Depths.
 20782 | D:15     | Reached skill level 10 in Fighting
 21474 | D:15     | Identified a scroll of acquirement
 21474 | D:15     | Acquired 786 gold pieces
 21898 | D:5      | Killed lasso's ghost
 22041 | D:6      | Killed lasso's ghost
 22424 | D:11     | Killed EnegeticOcto's ghost
 22425 | D:11     | Reached skill level 1 in Throwing
 22425 | D:11     | Reached skill level 13 in Unarmed Combat
 22670 | D:12     | Killed Nessos
 22671 | D:12     | Reached skill level 5 in Evocations
 22735 | Orc:1    | Entered Level 1 of the Orcish Mines
 22826 | Orc:1    | Found Orat's Antique Weapon Shoppe.
 23005 | Orc:2    | Entered Level 2 of the Orcish Mines
 23104 | Lair:1   | Entered Level 1 of the Lair of Beasts
 23183 | Lair:1   | Got a bloodstained hat
 23188 | Lair:1   | Identified the +2 hat "Wituiny" {*Slow rPois rCorr Int+3}
                  | (You found it on level 1 of the Lair of Beasts)
 23722 | Lair:1   | Noticed Sonja
 23730 | Lair:1   | Killed Sonja
 24040 | Lair:2   | Noticed Erica
 24050 | Lair:2   | Killed Erica
 24175 | Lair:2   | Found a staircase to the Shoals.
 24309 | Lair:2   | Noticed Maggie
 24319 | Lair:2   | Killed Maggie
 24408 | Lair:2   | Reached skill level 10 in Invocations
 24440 | Lair:2   | Found a hole to the Spider Nest.
 24960 | Lair:2   | Noticed Nergalle
 25300 | Lair:2   | Killed Nergalle
 25805 | Lair:3   | You are sucked into a shaft and drop 2 floors!
 25837 | Lair:5   | Reached XP level 15. HP: 140/140 MP: 20/25
 25877 | Lair:5   | Found a transporter.
 25877 | Lair:5   | Identified the +6 trident "Puisanoush" {distort, rC+}
 25920 | Lair:5   | Found a transporter.
 25923 | Lair:5   | Noticed Thalamas's ghost (journeyman MiBe)
 25925 | Lair:5   | Found a one-way gate to the infinite horrors of the Abyss.
 28503 | Lair:4   | Reached skill level 5 in Throwing
 29229 | Lair:3   | Reached skill level 14 in Unarmed Combat
 29633 | Lair:6   | Entered Level 6 of the Lair of Beasts
 29707 | Lair:6   | Found a staircase to the Slime Pits.
 30150 | Lair:6   | Reached XP level 16. HP: 127/155 MP: 19/28
 30631 | Lair:6   | Reached skill level 15 in Unarmed Combat
 31082 | Lair:5   | Paralysed by a great orb of eyes for 7 turns
 31093 | Lair:5   | Paralysed by a great orb of eyes for 2 turns
 32119 | Orc:2    | Found a staircase to the Elven Halls.
 32322 | Orc:2    | Found a roughly hewn altar of Beogh.
 32351 | Orc:2    | Found Leyjebu's Armour Boutique.
 32351 | Orc:2    | Found Ruuhuil's Magic Scroll Shoppe.
 32436 | Orc:2    | Found a roughly hewn altar of Beogh.
 32525 | Orc:2    | Found Naodif's Armour Boutique.
 32549 | Orc:2    | Found Xomi's Book Shoppe.
 32740 | Orc:2    | Bought a scroll of teleportation for 39 gold pieces
 32740 | Orc:2    | Bought a scroll of teleportation for 39 gold pieces
 32740 | Orc:2    | Bought a scroll of fog for 26 gold pieces
 33578 | Spider:1 | Entered Level 1 of the Spider Nest
 35673 | Spider:2 | Found a runed translucent gate.
 35673 | Spider:2 | Found a runed translucent gate.
 35673 | Spider:2 | Found a runed translucent gate.
 35680 | Spider:2 | Noticed iishen's ghost (adept CeHu)
 35800 | Spider:2 | Noticed a Hell Sentinel
 35834 | Spider:2 | Reached skill level 16 in Unarmed Combat
 36085 | Spider:2 | Got a pair of jewelled boots
 36090 | Spider:2 | Identified the +2 pair of boots "Juriviac" {Harm rPois
                  | Str-2} (You found it on level 2 of the Spider Nest)
 36318 | Spider:2 | Killed iishen's ghost
 36319 | Spider:2 | Reached XP level 17. HP: 124/169 MP: 26/29
 36463 | Spider:3 | Noticed Arachne
 36946 | Spider:2 | Killed Arachne
 37074 | Spider:3 | Noticed Kirke
 37195 | Spider:3 | Killed Kirke
 37453 | Spider:3 | Reached skill level 15 in Fighting
 37678 | Spider:4 | Entered Level 4 of the Spider Nest
 38009 | Spider:4 | Noticed Donald
 38009 | Spider:4 | Noticed Asterion
 39429 | Spider:4 | Killed Asterion
 39443 | Spider:4 | Identified a +2 pair of boots of running (You found it on
                  | level 4 of the Spider Nest)
 39453 | Spider:4 | Got a gossamer rune of Zot
 39780 | Spider:4 | Killed Donald
 39789 | Spider:4 | Reached skill level 17 in Unarmed Combat
 41102 | Shoals:1 | Entered Level 1 of the Shoals
 41159 | Shoals:1 | Noticed Louise
 41177 | Shoals:1 | Killed Louise
 41252 | Shoals:1 | Reached XP level 18. HP: 173/179 MP: 24/30
 42361 | Shoals:2 | Noticed Aizul
 42373 | Shoals:2 | Killed Aizul
 44209 | Shoals:3 | Found Hizarer's General Store.
 44546 | Shoals:3 | Bought a scroll of magic mapping for 63 gold pieces
 45491 | Shoals:4 | Entered Level 4 of the Shoals
 46178 | Shoals:4 | Got a barnacled rune of Zot
 47561 | Shoals:4 | Identified the Catalogue of the Spatial Blaze
 47793 | Shoals:4 | Identified the Volume of Flames and Shape Shifting
 48032 | D:15     | Learned a level 7 spell: Dragon Form
 48042 | D:15     | Learned a level 2 spell: Blink
 48048 | D:15     | Learned a level 3 spell: Ozocubu's Armour
 48099 | Vaults:1 | Entered Level 1 of the Vaults
 48099 | Vaults:1 | Found a radiant altar of Vehumet.
 48229 | Vaults:1 | Found a magical portal.
 48238 | WizLab   | Entered The Chambers of the Cloud Mage
 48371 | WizLab   | Reached skill level 1 in Translocations
 48371 | WizLab   | Reached XP level 19. HP: 187/191 MP: 25/31
 48898 | WizLab   | Noticed Gall
 48906 | WizLab   | Killed Gall the Cloud Mage
 49193 | WizLab   | Identified the Guide on Feathers
 49702 | Vaults:1 | Found a runed translucent gate.
 49702 | Vaults:1 | Found a runed translucent gate.
 49702 | Vaults:1 | Found a runed translucent gate.
 49702 | Vaults:1 | Noticed Bidatih's ghost (adept MiBe)
 49704 | Vaults:1 | Identified the +2 plate armour of Negation {*Contam +Inv
                  | Str+9 Int-5}
 49704 | Vaults:1 | Identified the cursed +0 kite shield of Gigeylu {rC- Regen+
                  | Str+6}
 49705 | Vaults:1 | Found a roughly hewn altar of Beogh.
 50896 | Vaults:1 | Reached skill level 15 in Transmutations
 50904 | Vaults:1 | Reached skill level 10 in Spellcasting
 51434 | Vaults:2 | Noticed Boris
 51477 | Vaults:2 | Killed Boris
 51478 | Vaults:2 | Reached skill level 5 in Translocations
 51505 | Vaults:2 | Noticed Jory
 51539 | Vaults:2 | Killed Jory
 52037 | Vaults:2 | Identified the +1 pair of gloves "Yne Nulo" {rC+ Int+3}
 52037 | Vaults:2 | Noticed Nikola
 52052 | Vaults:2 | Killed Nikola
 52609 | Vaults:1 | Reached XP level 20. HP: 154/201 MP: 30/34
 53252 | Vaults:2 | Found the +8 storm bow {elec, penet}
 53267 | Vaults:2 | Identified the Catalogue of Earth and the Entourage
 53299 | Vaults:2 | Noticed a bone dragon
 53318 | Vaults:2 | Killed a bone dragon
 53327 | Vaults:2 | Found a staircase to the Crypt.
 53573 | Vaults:2 | Paralysed by an ogre mage for 5 turns
 53577 | Vaults:2 | Mangled by a two-headed ogre

Illustrated notes

Levels and vault maps discovered:
D:1:      dpeg_arrival_windows_large_door, layout_rooms
D:2:      layout_loops_ring, nicolae_overflow_hidden_temple,
          minmay_rat_gold_closets
D:3:      layout_loops_ring, nicolae_overflow_crystal_walls,
          gammafunk_temple_overflow_wave, uniq_robin
D:4:      layout_basic, lemuel_crystal_altar, gup_sewer_entry_bowl
D:5:      layout_loops_ring, nzn_wu_jian_council_hall,
          ebering_ghost_rock_garden, nicolae_ru_great_annihilating_truth
D:6:      layout_loops_ring, general_overflow_altar,
          minmay_temple_entry_proselytizer, gammafunk_ghost_nasty_kobolds,
          serial_shops, shop, enter_ossuary_5
D:7:      layout_basic, kennysheep_little_box, overflow_temple_1_default,
          uniq_crazy_yiuf_cottage, uniq_joseph
D:8:      layout_loops_ring, nzn_hepliaklqana_mist_gate
D:9:      layout_basic, yredelemnul_altar_generic, serial_curves,
          eino_curves_02, eino_curves_03
D:10:     layout_irregular_city, dpeg_oklobed_lair, minmay_misc_feat_rows,
          uniq_erolcha
D:11:     layout_basic, special_room [special_room_orc],
          gammafunk_ghost_nasty_kobolds, uniq_maurice, uniq_snorg
D:12:     layout_irregular_city, kennysheep_orc_monster_closet_entryway,
          uniq_fannar, uniq_azrael, uniq_nessos
D:13:     layout_gridville, lightli_vaults_fourway_checkpoint, enter_bailey_2,
          kennysheep_generic_room_4
D:14:     layout_basic, gauntlet_entry_generic
D:15:     gammafunk_enter_depths_forms, layout_basic, special_room
          [special_room_orc], nicolae_tso_swordbearing_angel, serial_curves,
          eino_curves_02, eino_curves_04
Temple:   jpeg_temple_clearing
Lair:1:   layout_small_grid, minivault_24, st_stairs_5, grunt_megastairs_5,
          infiniplex_staircase_pool, lemuel_fruit_tree, serial_bayou_shore_a,
          uniq_sonja
Lair:2:   layout_regular_city, minmay_shoals_entry_hut, spider_nest_entry_webs,
          cheibrodos_lair_caveside_slide, uniq_erica, uniq_maggie, uniq_nergalle
Lair:3:   layout_long_grid, chequers_serial_rivers_micro_d
Lair:4:   regret_index_harrowing_hell_hive, layout_small_grid,
          serial_bayou_ford_a
Lair:5:   layout_regular_city, gammafunk_ghost_abyssal_escape,
          serial_bayou_lagoon_b
Lair:6:   evilmike_catoblepas_cave, layout_regular_city,
          minmay_slime_entry_jelly_boxes, grunt_megastairs_3
Shoals:1: layout_shoals, uniq_louise
Shoals:2: layout_shoals, uniq_aizul
Shoals:3: layout_shoals, serial_shops, nicolae_shop_trees,
          nicolae_shoals_square_sea_wall
Shoals:4: shoals_end_hangedman, layout_shoals
Spider:1: layout_chambers
Spider:2: nicolae_spider_mines_3, gammafunk_ghost_tricky_traps
Spider:3: layout_spider_delve, uniq_kirke, uniq_arachne
Spider:4: johnstein_spider_rune_arachne_lair, uniq_asterion, uniq_donald
Orc:1:    layout_caves, serial_shops, shop
Orc:2:    st_orc_town, layout_caves, kennysheep_orc_chapel
Vaults:1: biasface_vaults_ghost_orc_armoury, st_cross,
          ontoclasm_vaults_ring_large, v_misc_30, vaults_dpeg_doors,
          vaults_mumra_hex, v_misc_10, vaults_room_door_ring,
          ontoclasm_vaults_ligature, nicolae_vaults_little_squares_5,
          ontoclasm_vaults_twist, nicolae_vaults_rhombus_5, layout_vaults_ring,
          mu_enter_wizlab_5, basic_altar
Vaults:2: minmay_guarded_unrand_secular_launcher, vaults_dpeg_ring,
          nicolae_vaults_border_crossing, minmay_crypt_entry_nasty_monster,
          ontoclasm_vaults_spin, v_alt_pattern_3, v_misc_19, v_misc_24,
          ontoclasm_vaults_loading_screen, vaults_standard_mumra_x, v_misc_14,
          hangedman_vaults_stitches, nicolae_vaults_what_the_h, v_misc_4,
          layout_vaults_maze, uniq_nikola, uniq_margery, uniq_boris, uniq_jory

Skill      XL: |  1  2  3  4  5  6  7  8  9 10 11 12 13 14 15 16 17 18 19 20 |
---------------+-------------------------------------------------------------+-----
Transmutations | 3 4 5 7 8 10 11 12 13 15 16 | 16.2
Fighting       | 2 3 4 5 6 7 8 9 10 12 14 16 | 16.8
Unarmed Combat | 4 5 6 7 9 10 11 12 13 14 16 17 | 17.7
Spellcasting   | 3 4 5 6 7 8 10 11 | 11.6
Dodging        | 3 6 8 10 11 12 13 | 13.4
Invocations    | 1 5 7 8 10 11 | 11.5
Evocations     | 3 6 |  6.2
Throwing       | 3 6 |  6.0
Translocations | 1 5 6 |  6.0

Action                   |  1- 3 |  4- 6 |  7- 9 | 10-12 | 13-15 | 16-18 | 19-21 || total
-------------------------+-------+-------+-------+-------+-------+-------+-------++-------
Melee: Unarmed           |   145 |   136 |   421 |   592 |   984 |  1383 |   558 ||  4219
       Kick              |    21 |    27 |   121 |    53 |     5 |     6 |       ||   233
       Tailslap          |    10 |     8 |    55 |    79 |   165 |   242 |   104 ||   663
       Headbutt          |    12 |    16 |    66 |    28 |       |     5 |       ||   127
       Punch             |     1 |     4 |    17 |    33 |    85 |   135 |    46 ||   321
Throw: Dart              |       |       |    13 |     3 |       |       |       ||    16
       Javelin           |       |       |       |     2 |     4 |    11 |       ||    17
 Cast: Beastly Appendage |    40 |    24 |    61 |    16 |     6 |     3 |       ||   150
       Wereblood         |     3 |     8 |    13 |    17 |    27 |    38 |    13 ||   119
       Blade Hands       |       |       |       |    51 |   111 |   114 |    35 ||   311
Invok: Lesser Servant of |       |       |       |       |     1 |       |       ||     1
       Greater Servant o |       |       |       |       |       |     6 |     3 ||     9
 Abil: End Transformatio |       |       |       |       |     4 |     1 |       ||     5
       Fly               |       |       |       |       |     1 |       |       ||     1
       Breathe Lightning |       |       |       |       |       |     1 |       ||     1
       Stop Flying       |       |       |       |       |       |       |     1 ||     1
Evoke: Wand              |       |       |    13 |     5 |    24 |    12 |       ||    54
       Phantom mirror    |       |       |       |       |       |     1 |     1 ||     2
  Use: Scroll            |     3 |     6 |     3 |    12 |     9 |    19 |     6 ||    58
       Potion            |       |     1 |     4 |     8 |     1 |    19 |     3 ||    36
 Stab: Sleeping          |     1 |     1 |       |     2 |     1 |     1 |       ||     6
       Paralysed         |       |       |     1 |       |     2 |       |       ||     3
       Distracted        |       |       |     1 |       |       |       |       ||     1
Armor: Skin              |    46 |    42 |   124 |   124 |   196 |   424 |   106 ||  1062
Dodge: Dodged            |    89 |    70 |   205 |   443 |   802 |  2245 |   529 ||  4383
       Repelled          |       |       |       |       |       |       |     8 ||     8
Block: Other             |       |       |    21 |   152 |   173 |    24 |       ||   370
       Reflection        |       |       |     2 |    20 |     4 |       |       ||    26
